3260 views
Uploaded 2020-01-01 17:17:07
Game version 1.32.0.4
15:24 long 4on4 ladder game on (8)Battleground_LV
Saved by BEARAND
3260 views
Uploaded 2020-01-01 17:17:07
Game version 1.32.0.4
15:24 long 4on4 ladder game on (8)Battleground_LV


/ 1.6k
59 buildings @ 8.8k
/ 3.8k


| Wisp | 41 | 2460 | / | 0 |
| Archer | 14 | 1820 | / | 140 |
| Huntress | 11 | 2145 | / | 220 |
| Chimaera | 1 | 330 | / | 70 |
| total: | 67 | 6755g | / | 430w |
| Ancient Protector | 6 | 810 | / | 480 |
| Altar of Elders | 1 | 180 | / | 50 |
| Moon Well | 7 | 1260 | / | 280 |
| Ancient of War | 2 | 300 | / | 120 |
| Hunter's Hall | 1 | 210 | / | 100 |
| Ancient of Wind | 2 | 300 | / | 280 |
| Chimaera Roost | 2 | 280 | / | 380 |
| Tree of Ages | 2 | 640 | / | 360 |
| Tree of Eternity | 2 | 660 | / | 400 |
| total: | 21 | 3340g | / | 1690w |
| 0:02 | Wisp |
| 0:07 | Altar of Elders |
| 0:08 | Wisp |
| 0:17 | Wisp |
| 0:32 | Moon Well |
| 0:36 | Wisp |
| 0:47 | Wisp |
| 1:07 | Ancient of War |
| 1:16 | Wisp |
| 1:37 | Moon Well |
| 1:43 | Wisp |
| 1:51 | Wisp |
| 2:00 | Ancient of War |
| 2:07 | Archer |
| 2:10 | Wisp |
| 2:25 | Force of Nature |
| 3:26 | Archer |
| 3:26 | Archer |
| 3:50 | Archer |
| 3:50 | Archer |
| 4:11 | Tree of Ages |
| 4:52 | Archer |
| 4:53 | Archer |
| 5:05 | Mana Burn |
| 5:09 | Huntress |
| 5:14 | Wisp |
| 5:14 | Wisp |
| 5:14 | Wisp |
| 5:22 | Archer |
| 5:23 | Archer |
| 5:26 | Huntress |
| 6:09 | Archer |
| 6:10 | Archer |
| 6:41 | Huntress |
| 6:43 | Tree of Ages |
| 7:13 | Huntress |
| 7:16 | Wisp |
| 7:16 | Wisp |
| 7:17 | Wisp |
| 7:17 | Wisp |
| 7:17 | Wisp |
| 7:17 | Wisp |
| 7:17 | Wisp |
| 7:23 | Hunter's Hall |
| 7:49 | Entangling Roots |
| 8:32 | Moon Well |
| 8:33 | Moon Well |
| 8:39 | Wisp |
| 8:39 | Wisp |
| 8:39 | Wisp |
| 8:44 | Moon Well |
| 9:13 | Wisp |
| 9:14 | Wisp |
| 9:14 | Wisp |
| 9:14 | Wisp |
| 9:14 | Wisp |
| 9:21 | Tree of Eternity |
| 9:38 | Wisp |
| 9:38 | Wisp |
| 9:43 | Moon Well |
| 9:59 | Entangling Roots |
| 10:06 | Huntress |
| 10:06 | Huntress |
| 10:07 | Huntress |
| 10:07 | Huntress |
| 10:07 | Huntress |
| 10:07 | Huntress |
| 10:07 | Huntress |
| 10:38 | Tree of Eternity |
| 11:18 | Archer |
| 11:18 | Archer |
| 11:35 | Ancient Protector |
| 11:38 | Ancient Protector |
| 11:49 | Chimaera Roost |
| 11:57 | Wisp |
| 11:57 | Wisp |
| 11:57 | Wisp |
| 11:57 | Wisp |
| 11:57 | Wisp |
| 11:58 | Wisp |
| 12:09 | Moon Well |
| 12:39 | Archer |
| 12:40 | Improved Bows |
| 12:46 | Ancient of Wind |
| 13:09 | Wisp |
| 13:09 | Wisp |
| 13:10 | Wisp |
| 13:10 | Wisp |
| 13:10 | Wisp |
| 13:10 | Wisp |
| 13:54 | Ancient of Wind |
| 14:30 | Chimaera |
| 14:35 | Chimaera Roost |
| 14:38 | Ancient Protector |
| 14:43 | Ancient Protector |
| 14:49 | Ancient Protector |
| 14:52 | Ancient Protector |
| Right click | 702 |
| Select | 303 |
| Build/train/purchase | 91 |
| Misc. action | 48 |
| Use ability | 20 |
| Esc | 9 |
| Chat | 6 |
| Assign group | 1 |
| Item give/drop | 1 |


| Peasant | 8 | 600 | / | 0 |
| Rifleman | 7 | 1435 | / | 210 |
| Mortar Team | 8 | 1440 | / | 560 |
| Priest | 4 | 540 | / | 40 |
| Flying Machine | 1 | 100 | / | 30 |
| Wisp | 4 | 240 | / | 0 |
| Huntress | 1 | 195 | / | 20 |
| total: | 33 | 4550g | / | 860w |
| Scout Tower | 2 | 60 | / | 40 |
| Arcane Tower | 1 | 70 | / | 50 |
| Guard Tower | 1 | 70 | / | 50 |
| Blacksmith | 1 | 140 | / | 60 |
| Farm | 8 | 640 | / | 160 |
| Barracks | 1 | 160 | / | 60 |
| Altar of Kings | 1 | 180 | / | 50 |
| Lumber Mill | 1 | 120 | / | 0 |
| Workshop | 1 | 140 | / | 140 |
| Arcane Sanctum | 2 | 300 | / | 280 |
| Keep | 1 | 320 | / | 210 |
| Castle | 1 | 360 | / | 210 |
| Ancient Protector | 1 | 135 | / | 80 |
| Ancient of Wind | 1 | 150 | / | 140 |
| total: | 19 | 2025g | / | 1010w |
| 0:02 | Peasant |
| 0:02 | Peasant |
| 0:12 | Peasant |
| 0:35 | Peasant |
| 0:52 | Blacksmith |
| 0:53 | Peasant |
| 0:57 | Farm |
| 1:07 | Barracks |
| 1:10 | Peasant |
| 1:19 | Altar of Kings |
| 1:24 | Peasant |
| 1:27 | Farm |
| 1:36 | Peasant |
| 2:04 | Rifleman |
| 2:10 | Farm |
| 2:16 | Rifleman |
| 2:28 | Farm |
| 2:32 | Black Gunpowder |
| 2:41 | Scout Tower |
| 2:53 | Rifleman |
| 3:11 | Wisp |
| 3:14 | Arcane Tower |
| 3:19 | Summon Water Elemental |
| 3:22 | Rifleman |
| 3:28 | Wisp |
| 3:28 | Wisp |
| 3:30 | Huntress |
| 3:55 | Keep |
| 4:46 | Rifleman |
| 5:26 | Rifleman |
| 5:35 | Wisp |
| 5:37 | Ancient Protector |
| 5:46 | Farm |
| 6:22 | Workshop |
| 6:25 | Arcane Sanctum |
| 6:28 | Scout Tower |
| 6:29 | Arcane Sanctum |
| 6:32 | Long Rifles |
| 7:03 | Mortar Team |
| 7:15 | Rifleman |
| 7:19 | Holy Light |
| 7:32 | Mortar Team |
| 7:41 | Priest |
| 8:02 | Mortar Team |
| 8:05 | Priest |
| 8:19 | Flare |
| 8:24 | Farm |
| 8:26 | Farm |
| 9:02 | Mortar Team |
| 9:08 | Priest Adept Training |
| 9:19 | Farm |
| 9:23 | Evasion |
| 9:37 | Refined Gunpowder |
| 10:16 | Flying Machine |
| 10:32 | Ancient of Wind |
| 10:42 | Castle |
| 11:07 | Mortar Team |
| 11:46 | Mortar Team |
| 11:50 | Lumber Mill |
| 11:51 | Magic Sentry |
| 12:24 | Mortar Team |
| 12:47 | Mortar Team |
| 13:32 | Sorceress Adept Training |
| 13:45 | Guard Tower |
| 14:31 | Priest |
| 14:43 | Priest |
| Select group | 1010 |
| Right click | 940 |
| Select | 302 |
| Build/train/purchase | 114 |
| Assign group | 46 |
| Misc. action | 24 |
| Use ability | 17 |
| Chat | 7 |
| Minimap ping | 3 |
| Esc | 2 |

| Wisp | 20 | 1200 | / | 0 |
| Archer | 5 | 650 | / | 50 |
| Huntress | 14 | 2730 | / | 280 |
| total: | 39 | 4580g | / | 330w |
| Altar of Elders | 1 | 180 | / | 50 |
| Moon Well | 7 | 1260 | / | 280 |
| Ancient of War | 3 | 450 | / | 180 |
| Hunter's Hall | 1 | 210 | / | 100 |
| Tree of Life | 1 | 340 | / | 185 |
| Ancient of Wonders | 1 | 90 | / | 30 |
| Tree of Ages | 1 | 320 | / | 180 |
| Tree of Eternity | 1 | 330 | / | 200 |
| total: | 14 | 2530g | / | 825w |
| 0:07 | Altar of Elders |
| 0:09 | Moon Well |
| 0:11 | Wisp |
| 0:11 | Wisp |
| 0:31 | Wisp |
| 0:39 | Ancient of War |
| 0:58 | Wisp |
| 0:59 | Wisp |
| 1:24 | Moon Well |
| 1:30 | Wisp |
| 1:31 | Wisp |
| 1:51 | Archer |
| 2:15 | Trueshot Aura |
| 2:16 | Archer |
| 2:20 | Moon Well |
| 2:39 | Archer |
| 3:37 | Ancient of War |
| 3:39 | Tree of Ages |
| 4:47 | Hunter's Hall |
| 4:50 | Archer |
| 5:08 | Moon Well |
| 5:30 | Archer |
| 5:38 | Searing Arrows |
| 6:08 | Huntress |
| 6:09 | Huntress |
| 6:18 | Wisp |
| 6:18 | Wisp |
| 6:44 | Trueshot Aura |
| 6:51 | Strength of the Wild |
| 6:52 | Reinforced Hides |
| 6:59 | Wisp |
| 7:17 | Moon Well |
| 7:36 | Wisp |
| 8:02 | Tree of Life |
| 8:18 | Wisp |
| 8:31 | Wisp |
| 8:36 | Moon Well |
| 9:17 | Improved Reinforced Hides |
| 9:21 | Huntress |
| 9:22 | Huntress |
| 10:03 | Moon Well |
| 10:13 | Wisp |
| 10:13 | Wisp |
| 10:13 | Wisp |
| 10:14 | Wisp |
| 10:34 | Improved Strength of the Wild |
| 10:38 | Moon Glaive |
| 10:42 | Sentinel |
| 11:05 | Ancient of War |
| 11:11 | Wisp |
| 11:12 | Wisp |
| 11:27 | Huntress |
| 11:29 | Huntress |
| 11:41 | Tree of Eternity |
| 11:45 | Wisp |
| 12:03 | Huntress |
| 12:09 | Huntress |
| 12:42 | Huntress |
| 12:53 | Ancient of Wonders |
| 13:03 | Huntress |
| 13:05 | Huntress |
| 13:23 | Searing Arrows |
| 13:58 | Huntress |
| 14:16 | Advanced Strength of the Wild |
| 14:17 | Advanced Reinforced Hides |
| 14:50 | Huntress |
| 14:51 | Huntress |
| Right click | 209 |
| Select | 198 |
| Build/train/purchase | 55 |
| Chat | 17 |
| Use ability | 10 |
| Esc | 1 |
| Wisp | 8 | 480 | / | 0 |
| total: | 8 | 480g | / | 0w |
| Ancient of War | 1 | 150 | / | 60 |
| Hunter's Hall | 1 | 210 | / | 100 |
| Altar of Elders | 1 | 180 | / | 50 |
| Moon Well | 2 | 360 | / | 80 |
| total: | 5 | 900g | / | 290w |
| 0:10 | Wisp |
| 0:20 | Ancient of War |
| 0:22 | Wisp |
| 0:22 | Wisp |
| 0:27 | Wisp |
| 0:57 | Hunter's Hall |
| 1:01 | Wisp |
| 1:21 | Altar of Elders |
| 1:24 | Wisp |
| 1:25 | Wisp |
| 1:47 | Moon Well |
| 1:54 | Wisp |
| 2:09 | Moon Well |
| Select | 35 |
| Right click | 28 |
| Build/train/purchase | 8 |
| Misc. action | 1 |
| Use ability | 1 |
| Esc | 1 |
64 units @ 5k
/ 0.2k
152 buildings @ 10.8k
/ 5.4k


| Orb of Venom | 2 | 650 |
| Boots of Speed | 2 | 500 |
| Staff of Teleportation | 2 | 300 |
| Circlet of Nobility | 1 | 175 |
| Ivory Tower | 2 | 80 |
| Staff of Sanctuary | 1 | 250 |
| total: | 10 | 1955g |
| Wisp | 15 | 900 | / | 0 |
| total: | 15 | 900g | / | 0w |
| Altar of Elders | 1 | 180 | / | 50 |
| Moon Well | 4 | 720 | / | 160 |
| Tree of Life | 1 | 340 | / | 185 |
| Hunter's Hall | 1 | 210 | / | 100 |
| Ancient of Wonders | 2 | 180 | / | 60 |
| Tree of Ages | 1 | 320 | / | 180 |
| Tree of Eternity | 1 | 330 | / | 200 |
| Arcane Tower | 1 | 70 | / | 50 |
| total: | 9 | 1630g | / | 555w |
| 0:05 | Wisp |
| 0:12 | Altar of Elders |
| 0:17 | Moon Well |
| 0:22 | Wisp |
| 0:22 | Wisp |
| 0:32 | Wisp |
| 0:52 | Wisp |
| 1:07 | Wisp |
| 1:26 | Wisp |
| 1:26 | Wisp |
| 1:36 | Moon Well |
| 1:46 | Wisp |
| 2:13 | Wisp |
| 2:13 | Wisp |
| 2:14 | Entangling Roots |
| 2:26 | Wisp |
| 2:27 | Wisp |
| 2:41 | Wisp |
| 2:41 | Wisp |
| 3:38 | Tree of Ages |
| 4:35 | Boots of Speed |
| 4:47 | Moon Well |
| 4:48 | Moon Well |
| 5:04 | Staff of Teleportation |
| 5:37 | Tree of Life |
| 6:09 | Tree of Eternity |
| 7:02 | Hunter's Hall |
| 8:32 | Ivory Tower |
| 8:32 | Ivory Tower |
| 8:35 | Trueshot Aura |
| 8:49 | Arcane Tower |
| 9:22 | Boots of Speed |
| 9:22 | Staff of Teleportation |
| 9:23 | Circlet of Nobility |
| 9:31 | Ancient of Wonders |
| 10:17 | Thorns Aura |
| 10:26 | Nature's Blessing |
| 10:42 | Well Spring |
| 10:43 | Ultravision |
| 11:29 | Ancient of Wonders |
| 12:29 | Staff of Sanctuary |
| 12:56 | Orb of Venom |
| 13:15 | Scout |
| 14:42 | Orb of Venom |
| Right click | 814 |
| Select group | 223 |
| Use ability | 128 |
| Build/train/purchase | 120 |
| Select | 107 |
| Resource trade | 80 |
| Misc. action | 42 |
| Assign group | 33 |
| Item give/drop | 5 |
| Minimap ping | 3 |


| Healing Salve | 3 | 300 |
| Lesser Clarity Potion | 1 | 70 |
| Orb of Lightning | 1 | 375 |
| Boots of Speed | 1 | 250 |
| Staff of Teleportation | 1 | 150 |
| total: | 7 | 1145g |
| Peon | 12 | 900 | / | 0 |
| Troll Batrider | 4 | 640 | / | 160 |
| total: | 16 | 1540g | / | 160w |
| Watch Tower | 12 | 1320 | / | 960 |
| Altar of Storms | 1 | 180 | / | 50 |
| Orc Burrow | 4 | 640 | / | 160 |
| War Mill | 1 | 205 | / | 0 |
| Voodoo Lounge | 3 | 390 | / | 90 |
| Great Hall | 1 | 385 | / | 185 |
| Beastiary | 4 | 580 | / | 560 |
| Stronghold | 1 | 315 | / | 190 |
| Fortress | 1 | 325 | / | 190 |
| total: | 26 | 3700g | / | 2005w |
| 0:02 | Peon |
| 0:02 | Peon |
| 0:05 | Altar of Storms |
| 0:19 | Orc Burrow |
| 0:23 | Peon |
| 0:41 | Peon |
| 0:48 | War Mill |
| 1:02 | Voodoo Lounge |
| 1:04 | Peon |
| 1:14 | Peon |
| 1:24 | Peon |
| 1:38 | Orc Burrow |
| 1:56 | Peon |
| 2:02 | Watch Tower |
| 2:06 | Wind Walk |
| 2:13 | Healing Salve |
| 2:20 | Peon |
| 2:22 | Peon |
| 2:32 | Watch Tower |
| 2:45 | Peon |
| 3:10 | Peon |
| 3:12 | Watch Tower |
| 3:52 | Watch Tower |
| 3:56 | Boots of Speed |
| 3:57 | Staff of Teleportation |
| 4:39 | Stronghold |
| 4:44 | Watch Tower |
| 5:25 | Orc Burrow |
| 5:29 | Healing Salve |
| 5:29 | Lesser Clarity Potion |
| 5:39 | Watch Tower |
| 5:44 | Watch Tower |
| 5:59 | Voodoo Lounge |
| 6:01 | Voodoo Lounge |
| 6:21 | Orc Burrow |
| 6:39 | Watch Tower |
| 7:09 | Beastiary |
| 7:16 | Beastiary |
| 7:19 | Critical Strike |
| 7:39 | Beastiary |
| 8:03 | Hex |
| 8:30 | Fortress |
| 8:36 | Spiked Barricades |
| 8:36 | Reinforced Defenses |
| 9:14 | Troll Batrider |
| 9:17 | Healing Salve |
| 9:33 | Great Hall |
| 10:33 | Beastiary |
| 10:52 | Orb of Lightning |
| 10:59 | Liquid Fire |
| 11:00 | Troll Batrider |
| 11:37 | Troll Batrider |
| 11:52 | Steel Ranged Weapons |
| 12:36 | Troll Batrider |
| 13:10 | Wind Walk |
| 13:40 | Thorium Ranged Weapons |
| 13:44 | Watch Tower |
| 13:45 | Watch Tower |
| 14:24 | Watch Tower |
| 14:25 | Watch Tower |
| 15:12 | Healing Wave |
| Right click | 1226 |
| Select | 228 |
| Select group | 90 |
| Build/train/purchase | 55 |
| Misc. action | 26 |
| Use ability | 13 |
| Assign group | 9 |
| Item give/drop | 2 |



| Lesser Clarity Potion | 2 | 140 |
| Staff of Sanctuary | 2 | 500 |
| Boots of Speed | 1 | 250 |
| Healing Salve | 2 | 200 |
| Orb of Lightning | 1 | 375 |
| total: | 8 | 1465g |
| Peasant | 14 | 1050 | / | 0 |
| Priest | 1 | 135 | / | 10 |
| total: | 15 | 1185g | / | 10w |
| Scout Tower | 51 | 1530 | / | 1020 |
| Arcane Tower | 6 | 420 | / | 300 |
| Guard Tower | 28 | 1960 | / | 1400 |
| Altar of Kings | 1 | 180 | / | 50 |
| Farm | 4 | 320 | / | 80 |
| Lumber Mill | 1 | 120 | / | 0 |
| Arcane Vault | 2 | 260 | / | 60 |
| Arcane Sanctum | 1 | 150 | / | 140 |
| Keep | 2 | 640 | / | 420 |
| Castle | 1 | 360 | / | 210 |
| total: | 60 | 2560g | / | 1350w |
| 0:02 | Peasant |
| 0:02 | Peasant |
| 0:08 | Altar of Kings |
| 0:18 | Farm |
| 0:24 | Peasant |
| 0:25 | Peasant |
| 0:47 | Farm |
| 0:51 | Peasant |
| 1:03 | Lumber Mill |
| 1:06 | Scout Tower |
| 1:12 | Peasant |
| 1:18 | Peasant |
| 1:27 | Peasant |
| 1:33 | Scout Tower |
| 1:34 | Scout Tower |
| 1:35 | Peasant |
| 1:35 | Arcane Tower |
| 1:54 | Peasant |
| 2:04 | Guard Tower |
| 2:07 | Blizzard |
| 2:15 | Peasant |
| 2:19 | Scout Tower |
| 2:19 | Scout Tower |
| 2:55 | Guard Tower |
| 2:56 | Guard Tower |
| 3:02 | Peasant |
| 3:02 | Peasant |
| 3:02 | Peasant |
| 3:03 | Improved Masonry |
| 3:20 | Guard Tower |
| 3:21 | Scout Tower |
| 4:17 | Brilliance Aura |
| 4:46 | Scout Tower |
| 4:46 | Scout Tower |
| 4:47 | Scout Tower |
| 4:47 | Scout Tower |
| 5:00 | Scout Tower |
| 5:30 | Guard Tower |
| 5:33 | Scout Tower |
| 5:33 | Scout Tower |
| 5:33 | Scout Tower |
| 5:34 | Scout Tower |
| 5:36 | Arcane Tower |
| 5:43 | Keep |
| 5:56 | Guard Tower |
| 6:19 | Guard Tower |
| 6:20 | Scout Tower |
| 6:21 | Scout Tower |
| 6:21 | Scout Tower |
| 6:22 | Scout Tower |
| 6:31 | Boots of Speed |
| 6:40 | Guard Tower |
| 6:56 | Healing Salve |
| 7:00 | Guard Tower |
| 7:00 | Guard Tower |
| 7:05 | Farm |
| 7:10 | Farm |
| 7:33 | Scout Tower |
| 7:35 | Scout Tower |
| 7:36 | Scout Tower |
| 7:36 | Scout Tower |
| 7:37 | Scout Tower |
| 8:14 | Advanced Masonry |
| 8:21 | Guard Tower |
| 8:31 | Scout Tower |
| 8:32 | Scout Tower |
| 8:32 | Scout Tower |
| 8:32 | Scout Tower |
| 8:33 | Scout Tower |
| 8:33 | Scout Tower |
| 8:47 | Improved Lumber Harvesting |
| 9:01 | Guard Tower |
| 9:09 | Guard Tower |
| 9:23 | Storm Bolt |
| 9:35 | Healing Salve |
| 9:35 | Lesser Clarity Potion |
| 9:38 | Castle |
| 9:55 | Guard Tower |
| 10:12 | Guard Tower |
| 10:16 | Arcane Sanctum |
| 10:37 | Arcane Tower |
| 10:40 | Scout Tower |
| 10:40 | Scout Tower |
| 10:41 | Scout Tower |
| 10:41 | Scout Tower |
| 10:41 | Scout Tower |
| 11:15 | Scout Tower |
| 11:16 | Scout Tower |
| 11:19 | Scout Tower |
| 11:22 | Guard Tower |
| 11:31 | Arcane Tower |
| 11:32 | Arcane Tower |
| 11:35 | Scout Tower |
| 11:36 | Scout Tower |
| 11:38 | Scout Tower |
| 12:06 | Guard Tower |
| 12:08 | Scout Tower |
| 12:08 | Scout Tower |
| 12:11 | Imbued Masonry |
| 12:15 | Guard Tower |
| 12:24 | Arcane Vault |
| 12:32 | Guard Tower |
| 12:49 | Arcane Vault |
| 12:55 | Guard Tower |
| 13:07 | Holy Light |
| 13:23 | Guard Tower |
| 13:26 | Scout Tower |
| 13:27 | Scout Tower |
| 13:28 | Scout Tower |
| 13:28 | Scout Tower |
| 13:46 | Staff of Sanctuary |
| 13:48 | Orb of Lightning |
| 14:02 | Blizzard |
| 14:37 | Staff of Sanctuary |
| 14:41 | Lesser Clarity Potion |
| 14:46 | Guard Tower |
| 14:48 | Scout Tower |
| 14:49 | Scout Tower |
| 14:49 | Scout Tower |
| 14:49 | Scout Tower |
| 14:56 | Magic Sentry |
| 14:56 | Priest |
| Right click | 1623 |
| Select | 437 |
| Build/train/purchase | 165 |
| Select group | 154 |
| Chat | 70 |
| Use ability | 39 |
| Assign group | 13 |
| Misc. action | 13 |
| Minimap ping | 3 |
| Item give/drop | 1 |



| Boots of Speed | 3 | 750 |
| Staff of Teleportation | 2 | 300 |
| Potion of Invisibility | 1 | 100 |
| Healing Salve | 2 | 200 |
| total: | 8 | 1350g |
| Peasant | 17 | 1275 | / | 0 |
| Priest | 1 | 135 | / | 10 |
| total: | 18 | 1410g | / | 10w |
| Scout Tower | 47 | 1410 | / | 940 |
| Arcane Tower | 5 | 350 | / | 250 |
| Guard Tower | 25 | 1750 | / | 1250 |
| Altar of Kings | 1 | 180 | / | 50 |
| Farm | 3 | 240 | / | 60 |
| Lumber Mill | 1 | 120 | / | 0 |
| Arcane Vault | 3 | 390 | / | 90 |
| Town Hall | 1 | 385 | / | 205 |
| Arcane Sanctum | 1 | 150 | / | 140 |
| Keep | 2 | 640 | / | 420 |
| Castle | 1 | 360 | / | 210 |
| total: | 57 | 2875g | / | 1485w |
| 0:01 | Peasant |
| 0:03 | Altar of Kings |
| 0:10 | Peasant |
| 0:18 | Farm |
| 0:22 | Peasant |
| 0:37 | Lumber Mill |
| 0:39 | Peasant |
| 0:47 | Peasant |
| 0:52 | Peasant |
| 1:09 | Peasant |
| 1:11 | Farm |
| 1:22 | Scout Tower |
| 1:28 | Scout Tower |
| 1:29 | Scout Tower |
| 1:31 | Peasant |
| 1:39 | Peasant |
| 1:49 | Arcane Tower |
| 1:51 | Scout Tower |
| 1:53 | Peasant |
| 1:58 | Arcane Tower |
| 2:01 | Scout Tower |
| 2:03 | Blizzard |
| 2:06 | Peasant |
| 2:10 | Improved Masonry |
| 2:12 | Peasant |
| 2:19 | Scout Tower |
| 2:20 | Scout Tower |
| 2:21 | Guard Tower |
| 2:23 | Scout Tower |
| 2:23 | Scout Tower |
| 2:28 | Peasant |
| 2:49 | Guard Tower |
| 2:52 | Peasant |
| 2:54 | Scout Tower |
| 2:54 | Guard Tower |
| 3:19 | Guard Tower |
| 3:23 | Scout Tower |
| 3:24 | Scout Tower |
| 3:32 | Keep |
| 3:47 | Scout Tower |
| 3:47 | Scout Tower |
| 4:40 | Brilliance Aura |
| 4:41 | Guard Tower |
| 4:43 | Scout Tower |
| 4:44 | Scout Tower |
| 4:50 | Arcane Vault |
| 4:55 | Farm |
| 4:58 | Guard Tower |
| 5:11 | Guard Tower |
| 5:13 | Scout Tower |
| 5:14 | Scout Tower |
| 5:23 | Guard Tower |
| 5:26 | Scout Tower |
| 5:27 | Scout Tower |
| 5:44 | Boots of Speed |
| 6:09 | Advanced Masonry |
| 6:09 | Improved Lumber Harvesting |
| 6:11 | Guard Tower |
| 6:13 | Arcane Tower |
| 6:24 | Healing Salve |
| 6:38 | Guard Tower |
| 6:42 | Arcane Vault |
| 7:09 | Storm Bolt |
| 7:15 | Peasant |
| 7:39 | Castle |
| 7:41 | Guard Tower |
| 7:44 | Guard Tower |
| 7:46 | Scout Tower |
| 8:30 | Guard Tower |
| 8:31 | Scout Tower |
| 8:32 | Scout Tower |
| 9:25 | Guard Tower |
| 9:46 | Town Hall |
| 9:56 | Scout Tower |
| 9:57 | Scout Tower |
| 9:58 | Scout Tower |
| 9:58 | Scout Tower |
| 9:59 | Scout Tower |
| 10:00 | Scout Tower |
| 10:02 | Scout Tower |
| 10:02 | Scout Tower |
| 10:09 | Scout Tower |
| 10:11 | Scout Tower |
| 10:11 | Scout Tower |
| 10:13 | Scout Tower |
| 10:13 | Scout Tower |
| 10:34 | Arcane Tower |
| 10:36 | Guard Tower |
| 10:44 | Boots of Speed |
| 11:06 | Staff of Teleportation |
| 11:07 | Potion of Invisibility |
| 11:27 | Healing Salve |
| 11:48 | Guard Tower |
| 11:52 | Guard Tower |
| 11:56 | Bash |
| 12:03 | Arcane Sanctum |
| 12:32 | Imbued Masonry |
| 12:32 | Advanced Lumber Harvesting |
| 12:33 | Guard Tower |
| 12:39 | Peasant |
| 12:39 | Peasant |
| 12:41 | Holy Light |
| 13:06 | Scout Tower |
| 13:07 | Scout Tower |
| 13:08 | Scout Tower |
| 13:09 | Scout Tower |
| 13:11 | Scout Tower |
| 13:11 | Scout Tower |
| 13:12 | Guard Tower |
| 14:04 | Guard Tower |
| 14:06 | Scout Tower |
| 14:26 | Staff of Teleportation |
| 14:29 | Boots of Speed |
| 14:35 | Guard Tower |
| 14:37 | Scout Tower |
| 14:38 | Scout Tower |
| 14:39 | Scout Tower |
| 14:42 | Magic Sentry |
| 14:43 | Priest Adept Training |
| 14:43 | Priest |
| 14:45 | Guard Tower |
| 14:46 | Scout Tower |
| 14:50 | Arcane Vault |
| Right click | 838 |
| Select group | 416 |
| Assign group | 391 |
| Select | 163 |
| Build/train/purchase | 118 |
| Use ability | 46 |
| Misc. action | 14 |
| Chat | 7 |
| Item give/drop | 1 |
⇛